Map: Newkirk Precinct TE (Void)

Players

Raguel - Winner!

  • Race: Zerg Zerg
  • League: Diamond
  • Spawn Location: 7:00

Musumeci

  • Race: Zerg Zerg
  • League: Diamond
  • Spawn Location: 5:00

VOD

Have the link to the VOD?

Description

Time

  • Played on: Jan. 10, 2017, 3:21 p.m.
  • Length: 17:03
Show
View Real Time Build Order
Export as new Build Order

Raguel Zerg - Winner!

Build Orders: Hatch First, Lurkers 

Get SALT Encoding   

  12  0:02  Drone  
  13  0:09  Drone  
  14  0:18  Overlord  
  14  0:36  Drone x3  
  17  0:59  Hatchery  
  16  1:05  Drone  
  17  1:14  Spawning Pool  
  17  1:15  Drone  
  17  1:19  Extractor  
  17  1:21  Drone  
  17  1:29  Extractor  
  17  1:31  Drone x2  
  19  1:52  Drone  
  19  1:53  Overlord  
  20  2:01  Queen  
  22  2:10  Zergling x2  
  22  2:13  Zergling x2  
  24  2:19  Queen  
  24  2:20  Drone  
  27  2:26  Drone x2  
  29  2:35  Drone x2  
  31  2:39  Queen  
  31  2:43  Metabolic Boost  
  33  2:51  Drone x2  
  35  3:16  Baneling Nest  
  35  3:17  Drone x2  
  35  3:18  Overlord  
  36  3:38  Drone x3  
  36  3:39  Zergling x2  
  36  3:40  Zergling x4  
  42  3:51  Hatchery  
  42  3:52  Drone x2  
  42  3:54  Overlord x2  
  42  4:11  Drone x2  
  42  4:12  Zergling x8  
  42  4:16  Baneling x2  
  42  4:17  Baneling x2  
  48  4:23  Lair  
  48  4:24  Drone  
  48  4:25  Drone x3  
  48  4:28  Extractor  
  48  4:29  Extractor x2  
  49  4:33  Drone  
  50  4:47  Drone x3  
  53  4:55  Baneling  
  53  4:56  Baneling  
  50  5:05  Zergling x12  
  54  5:12  Baneling x2  
  54  5:13  Zergling x6  
  57  5:15  Drone x2  
  59  5:34  Drone x2  
  61  5:38  Spire  
  60  5:42  Drone  
  60  5:43  Drone x5, Overlord  
  60  5:44  Overlord x3  
  65  6:10  Drone x5  
  65  6:11  Drone x5  
  75  6:20  Zergling x10  
  80  6:29  Drone x3  
  80  6:30  Drone x2  
  85  6:44  Overlord  
  85  6:45  Overlord x3  
  85  6:52  Mutalisk x6  
  96  7:13  Mutalisk x5  
  100  7:25  Hydralisk Den  
  100  7:26  Drone x3  
  100  7:27  Drone x4, Evolution Chamber  
  105  7:36  Zergling x20  
  115  7:50  Zergling x8  
  119  7:55  Spine Crawler  
  119  7:56  Spine Crawler  
  119  7:57  Spine Crawler  
  116  8:03  Mutalisk  
  116  8:04  Mutalisk x3  
  116  8:15  Zergling x14  
  107  8:27  Lurker Den  
  107  8:28  Mutalisk  
  93  8:53  Drone x9  
  102  8:59  Zerg Missile Weapons Level 1  
  85  9:17  Queen x2  
  85  9:18  Queen  
  91  9:25  Drone x2  
  91  9:26  Drone  
  91  9:27  Drone x2  
  96  9:32  Drone  
  96  9:33  Drone x6  
  103  9:41  Hydralisk  
  105  9:53  Hydralisk x2  
  105  9:54  Hydralisk x2  
  113  10:01  Hydralisk x5  
  123  10:11  Muscular Augments  
  121  10:16  Lurker  
  121  10:17  Drone x4  
  126  10:26  Lurker  
  125  10:34  Extractor  
  125  10:35  Lurker  
  125  10:36  Extractor  
  122  10:44  Lurker  
  122  10:46  Overlord  
  122  10:47  Overlord x5  
  123  10:55  Lurker  
  124  11:01  Roach Warren  
  123  11:16  Lurker x2  
  123  11:18  Lurker  
  126  11:23  Hatchery  
  125  11:27  Zerg Missile Weapons Level 2  
  123  11:45  Glial Reconstitution  
  123  11:51  Lurker  
  124  11:58  Roach x2  
  124  11:59  Roach x7  
  124  12:00  Roach x3  
  148  12:10  Lurker  
  148  12:12  Roach  
  148  12:13  Roach x5  
  161  12:16  Overlord  
  161  12:36  Roach x8  
  174  12:51  Burrow  
  174  12:58  Overlord x3  
  174  12:59  Overlord x3  
  174  13:13  Overseer  
  174  13:15  Pneumatized Carapace, Extractor  
  174  13:17  Extractor  
  174  13:18  Ravager x6  
  174  13:19  Ravager x2  
  180  13:20  Hydralisk  
  182  13:31  Infestation Pit  
  182  13:32  Hydralisk x2  
  161  13:51  Overlord x3  
  161  13:52  Overlord  
  161  13:57  Hydralisk x9  
  179  14:04  Roach x6  
  191  14:36  Overlord  
  191  14:37  Overlord x4  
  175  15:09  Overseer  
  175  15:10  Overseer x4  
  168  15:18  Mutalisk x7  
  168  15:19  Mutalisk x2  
  181  15:33  Mutalisk  
  163  15:54  Hydralisk x5  
  98  16:27  Overseer  
  98  16:28  Overseer x3  
  98  16:30  Hatchery  
  90  16:36  Drone  
  90  16:37  Drone x4  
Show
View Real Time Build Order
Export as new Build Order

Musumeci Zerg 

Build Orders: Hatch First, Lurkers 

Get SALT Encoding   

  12  0:01  Drone  
  13  0:12  Overlord  
  13  0:26  Drone  
  14  0:29  Drone, Extractor  
  14  0:32  Drone  
  16  0:37  Drone  
  17  0:56  Hatchery  
  16  0:59  Extractor  
  16  1:00  Drone  
  16  1:19  Spawning Pool  
  16  1:22  Evolution Chamber  
  14  1:31  Drone x2  
  16  1:35  Drone  
  17  1:42  Drone  
  18  2:00  Drone  
  19  2:06  Queen, Metabolic Boost  
  21  2:09  Zergling x2  
  21  2:13  Drone  
  21  2:15  Drone  
  24  2:19  Drone  
  25  2:24  Drone  
  26  2:30  Drone  
  27  2:39  Drone  
  28  2:45  Baneling Nest  
  27  3:09  Drone  
  27  3:12  Overlord  
  28  3:24  Hatchery  
  27  3:30  Queen  
  28  3:35  Overlord  
  28  3:38  Overlord  
  28  3:45  Zergling x6  
  28  3:48  Baneling  
  31  3:51  Drone x4  
  31  3:53  Drone  
  36  4:10  Drone x3  
  36  4:14  Baneling x2  
  39  4:19  Drone  
  39  4:20  Drone  
  39  4:23  Roach Warren  
  40  4:24  Drone  
  40  4:26  Evolution Chamber  
  40  4:28  Extractor x2  
  40  4:29  Lair  
  40  4:30  Drone  
  39  4:31  Drone  
  39  4:32  Drone  
  39  4:33  Drone  
  42  4:43  Drone x2  
  44  4:49  Zergling x8  
  45  5:05  Zerg Missile Weapons Level 1  
  45  5:11  Drone  
  45  5:12  Drone x3  
  45  5:13  Drone  
  45  5:14  Queen, Drone x5  
  55  5:36  Roach  
  55  5:37  Roach  
  55  5:40  Overlord x3  
  57  5:57  Overlord  
  57  5:58  Overlord x2  
  57  6:03  Roach x6  
  65  6:16  Drone x2  
  65  6:17  Drone x5  
  68  6:18  Glial Reconstitution  
  68  6:21  Drone x2  
  70  6:29  Drone x2, Evolution Chamber  
  70  6:30  Extractor  
  70  6:38  Drone x4  
  70  6:39  Drone  
  73  6:50  Roach x6  
  73  6:51  Roach  
  85  7:10  Roach x9  
  100  7:20  Queen  
  102  7:42  Spore Crawler  
  102  7:43  Spore Crawler  
  100  7:44  Spore Crawler x2  
  100  7:45  Spore Crawler  
  100  7:46  Spore Crawler  
  100  7:49  Spore Crawler  
  100  7:50  Roach x2  
  100  7:51  Roach x4, Spore Crawler  
  105  7:52  Hydralisk Den  
  105  7:56  Ravager  
  103  7:58  Ravager  
  69  8:36  Hydralisk  
  69  8:37  Hydralisk x12  
  89  8:55  Roach x4  
  97  8:58  Muscular Augments  
  77  9:10  Drone  
  77  9:11  Drone x8  
  80  9:21  Drone x3  
  83  9:43  Zerg Missile Weapons Level 2  
  83  9:45  Zerg Ground Armor Level 1  
  83  9:48  Queen  
  83  9:49  Hydralisk x5  
  95  9:53  Roach  
  95  9:59  Overlord x2  
  97  10:05  Drone  
  98  10:17  Roach  
  98  10:18  Roach x4  
  98  10:19  Drone x2  
  98  10:20  Drone  
  111  10:22  Overlord x2, Extractor  
  110  10:40  Hydralisk  
  110  10:41  Hydralisk x7  
  122  11:05  Spore Crawler  
  122  11:06  Drone  
  122  11:07  Drone x4, Spore Crawler  
  122  11:10  Extractor  
  124  11:13  Drone  
  124  11:14  Drone x4  
  129  11:32  Hydralisk  
  128  11:45  Drone x2  
  128  11:58  Roach  
  128  11:59  Overlord  
  128  12:00  Overlord x3  
  130  12:10  Spore Crawler  
  130  12:11  Overlord x4  
  129  12:18  Roach x5  
  129  12:19  Roach x5  
  129  12:20  Ravager  
  129  12:21  Ravager x6  
  156  12:23  Ravager x2  
  156  12:24  Ravager  
  133  12:46  Hydralisk x9  
  133  12:51  Lurker Den  
  149  13:04  Hydralisk x3  
  155  13:29  Extractor  
  155  13:30  Hatchery  
  155  13:33  Extractor  
  150  13:35  Overlord x3  
  150  14:30  Lurker  
  150  14:31  Lurker x12  
  163  14:44  Overseer  
  163  14:45  Overseer  
  68  15:48  Hydralisk  
  68  15:49  Hydralisk x7  
  66  16:04  Hatchery  
Tags
 
Add a new tag
Caveats
  • Supply blocks, unpowered buildings, or Contaminate may cause inaccurate times.
  • Supply counts are checked every 10 seconds.